 Dungeon Crawl Stone Soup version 0.30-a0-1102-g2dbb833546 (webtiles) character file.

Game seed: 6100692414472288145

15976 Monerk the Protected (level 12, -6/110 HPs)
             Began as a Minotaur Fighter on Apr 18, 2023.
             Was a High Priest of Okawaru.
             Engulfed by a cloud of freezing vapour (20 damage)
             ... in an ice cave.
             The game lasted 00:16:58 (8360 turns).

Monerk the Protected (Minotaur Fighter)             Turns: 8360, Time: 00:16:59

Health: -6/110     AC: 17    Str: 25    XL:     12   Next: 6%
Magic:  11/11      EV: 19    Int:  5    God:    Okawaru [*****.]
Gold:   1032       SH:  0    Dex: 14    Spells: 11/11 levels left

rFire   . . .      SeeInvis +    p - +5 woodcutter's axe
rCold   . . .      Faith    .    (shield currently unavailable)
rNeg    . . .      Spirit   .    b - +1 scale mail
rPois   .          Reflect  .    v - +1 hat
rElec   .          Rampage  .    y - +2 cloak
rCorr   .                        r - +1 pair of gloves {Dex+3}
Will    .....                    (no boots) Stlth
                                 t - amulet of regeneration
HPRegen 1.18/turn                e - ring of see invisible
MPRegen 0.12/turn                f - +5 ring of evasion

@: no status effects
A: horns 2, retaliatory headbutt
a: Renounce Religion, Heroism, Finesse, Duel


You were in an ice cave.
You worshipped Okawaru.
Okawaru was extremely pleased with you.
You visited 2 branches of the dungeon, and saw 13 of its levels.
You also visited: Ice Cave.

You collected 1219 gold pieces.
You spent 187 gold pieces at shops.

Inventory:

Hand Weapons
 a - a +0 war axe of venom
 p - the +5 woodcutter's axe (weapon)
   (You found it on level 3 of the Dungeon)
 A - the +3 broad axe of the Badger {freeze, Int+2}
   (Okawaru gifted it to you on level 11 of the Dungeon)

   Int:       It affects your intelligence (+2).
 E - the +1 war axe "Ciorphain" {heavy, rN+++ Int-3}
   (You found it on level 7 of the Dungeon)

   Int:       It affects your intelligence (-3).
   rN:        It renders you almost immune to negative energy.
Missiles
 l - 3 throwing nets (quivered)
Armour
 b - a +1 scale mail (worn)
 c - a +0 buckler
 r - a +1 pair of gloves of dexterity (worn)
 v - a +1 hat (worn)
 y - a +2 cloak (worn)
Jewellery
 e - a ring of see invisible (left hand)
 f - a +5 ring of evasion (right hand)
 t - an amulet of regeneration (around neck)
Wands
 k - a wand of flame (27)
 s - a wand of iceblast (19)
 F - a wand of acid (4)
 I - a wand of paralysis (4)
Scrolls
 m - 5 scrolls of immolation
 o - 6 scrolls of teleportation
 q - a scroll of silence
 u - 2 scrolls of fog
 w - 2 scrolls of magic mapping
 D - 2 scrolls of blinking
 H - 2 scrolls of fear
Potions
 d - 4 potions of might
 g - 2 potions of heal wounds
 h - 3 potions of lignification
 i - 2 potions of haste
 j - 6 potions of curing
 n - 3 potions of magic
 x - a potion of resistance
 z - a potion of berserk rage
 B - a potion of mutation {unknown}
 C - a potion of attraction {unknown}
 G - 2 potions of cancellation


   Skills:
 + Level 11.2 Fighting
 + Level 10.9 Axes
 + Level 11.3 Armour
 + Level 9.7 Dodging
 + Level 11.3 Shields


You had 11 spell levels left.
You didn't know any spells.
Your spell library contained the following spells:

 Spells                   Type           Power      Damage    Failure   Level
 Apportation              Tloc           0%         N/A       71%         1
 Beastly Appendage        Tmut           0%         N/A       71%         1
 Necrotise                Necr           0%         1d4       71%         1
 Sandblast                Erth           0%         2d4       71%         1
 Shock                    Conj/Air       0%         1d3       71%         1
 Passwall                 Tmut/Erth      0%         N/A       85%         2
 Wereblood                Tmut           0%         N/A       85%         2
 Portal Projectile        Hex/Tloc       0%         N/A       97%         3
 Spider Form              Tmut/Pois      0%         N/A       97%         3
 Stone Arrow              Conj/Erth      0%         3d7       97%         3
 Swiftness                Air            0%         N/A       97%         3
 Vampiric Draining        Necr           0%         2d6       97%         3
 Airstrike                Air            0%         2d(0-16)  100%        4
 Leda's Liquefaction      Hex/Erth       0%         N/A       100%        4
 Agony                    Necr           0%         N/A       100%        5
 Alistair's Intoxication  Tmut/Pois      0%         N/A       100%        5
 Orb of Destruction       Conj           0%         9d5       100%        7
 Call Canine Familiar     Summ           Unusable   N/A       N/A         3
 Summon Guardian Golem    Hex/Summ       Unusable   N/A       N/A         3
 Spellforged Servitor     Conj/Summ      Unusable   N/A       N/A         7

Dungeon Overview and Level Annotations

Branches:
Dungeon (12/15)            Temple (1/1) D:5            Lair (0/5) D:8
    Orc (0/2) D:11          IceCv (1/1)

Altars:
Cheibriados
Dithmenos
Elyvilon
Fedhas
Hepliaklqana
Makhleb
Nemelex Xobeh
Okawaru
Qazlal
Trog
Uskayaw
Vehumet
Yredelemnul
Zin
The Shining One

Shops:
D:6 =(:[   D:9 (*

Annotations:
D:9 exclusion: ice statue


Innate Abilities, Weirdness & Mutations

You have a pair of horns on your head.
You reflexively headbutt those who attack you in melee.


Message History

The ice statue is severely damaged.
You slice the ice beast!!
You kill the ice beast!
The ice beast disappears in a puff of smoke!
You are engulfed in freezing vapours.
The ice statue gestures at you. The bolt of cold hits you!!
You barely miss the ice statue.
The ice statue is severely damaged.
You are engulfed in freezing vapours.
Unknown command.
You completely miss the ice statue.
The ice statue is severely damaged.
You are engulfed in freezing vapours.
* * * LOW HITPOINT WARNING * * *
The ice statue gestures.
Unknown command.
You hit the ice statue but do no damage.
The ice statue is severely damaged.
You slash the ice beast! The ice beast barely misses you.
You slash the ice statue!
The ice statue is severely damaged.
You slash the ice beast! The ice statue gestures at you.
The freezing blast misses you.
The ice beast hits you but does no damage.
Unknown command.
You slash the ice statue!
You headbutt the ice statue, but do no damage.
The ice statue is almost destroyed.
You slash the ice beast!
You kill the ice beast!
The ice beast disappears in a puff of smoke!
You are engulfed in freezing vapours.
* * * LOW HITPOINT WARNING * * *
You slash the ice statue!
You destroy the ice statue!
Okawaru accepts your kill.
You are engulfed in freezing vapours.
You die...

##### ##...### #
#......## # ☼
#..##†..## ☼#§
#...##...### #☼###
##..####...####☼..#
#...####...##○..#
#....# #..##☼☼@#
#∩..####..###..#
##..∩##..####..#
#####.....#..##
##.#....## ########


There were no monsters in sight!

Vanquished Creatures
  Gastronok (D:8)
  Erolcha (D:9)
  3 two-headed ogres
  Lodul (D:10)
  An ugly thing (D:12)
  An elephant (D:8)
  A cyclops (D:12)
  An ice statue (IceCv)
  A gargoyle (D:11)
  An efreet (D:9)
  Psyche (D:8)
  2 trolls
  2 hornets
  A merfolk (D:11)
  2 polar bears (IceCv)
  Sigmund (D:2)
  A shadow (D:11)
  2 spriggans
  Grum (D:11)
  3 wyverns
  12 yaks
  A basilisk (D:8)
  4 steam dragons
  3 vampire mosquitoes (D:11)
  3 water moccasins
  2 acid dragons (D:10)
  4 orc warriors (D:11)
  An ice beast (D:7)
  7 ogres
  2 black bears
  6 wolves
  3 centaurs
  2 bullfrogs (D:7)
  A necrophage (D:11)
  2 kobold brigands
  6 scorpions
  4 killer bees (D:10)
  2 electric eels
  10 howler monkeys
  3 jellies (D:5)
  5 hounds
  5 orc priests
  3 iguanas
  2 sleepcaps
  Natasha (twice) (D:3)
  13 orc wizards
  Robin (D:2)
  3 gnolls (D:2)
  7 adders
  3 white imps
  An ufetubus (D:5)
  2 worms
  3 dart slugs
  21 orcs
  8 ball pythons
  4 bats
  6 endoplasms
  2 giant cockroaches (D:1)
  18 goblins
  9 hobgoblins
  10 jackals
  11 kobolds
  7 quokkas
  9 rats
261 creatures vanquished.

Vanquished Creatures (others)
  2 fungi
  2 plants (D:12)
4 creatures vanquished.

Grand Total: 265 creatures vanquished

Notes
Turn   | Place    | Note
-------+----------+-------------------------------------------
     0 | D:1      | Monerk the Minotaur Fighter began the quest for the Orb.
     0 | D:1      | Reached XP level 1. HP: 19/19 MP: 0/0
    33 | D:1      | Reached XP level 2. HP: 25/27 MP: 1/1
   322 | D:1      | Reached skill level 1 in Dodging
   777 | D:1      | Reached XP level 3. HP: 33/33 MP: 2/2
   798 | D:2      | Noticed Sigmund
   806 | D:2      | Killed Sigmund
   807 | D:2      | Reached XP level 4. HP: 34/41 MP: 3/3
   807 | D:2      | Reached XP level 5. HP: 39/47 MP: 4/4
   891 | D:2      | Noticed Robin
   916 | D:2      | Killed Robin
   974 | D:2      | Reached XP level 6. HP: 55/55 MP: 5/5
  1333 | D:3      | Found the +5 woodcutter's axe
  1486 | D:3      | Noticed Natasha
  1489 | D:3      | Killed Natasha
  1491 | D:3      | Found a faded altar of an unknown god.
  1542 | D:3      | Reached skill level 5 in Fighting
  1542 | D:3      | Reached skill level 5 in Armour
  1542 | D:3      | Reached skill level 5 in Shields
  1763 | D:3      | Noticed Natasha
  1769 | D:3      | Killed Natasha
  1828 | D:4      | Found a stormy altar of Qazlal.
  1938 | D:4      | Found a glowing golden altar of the Shining One.
  1970 | D:4      | Found a shadowy altar of Dithmenos.
  2449 | D:4      | Identified the +9 long sword "Tidgh" {heavy, *Noise rF+
                  | Dex+2}
  2457 | D:4      | Reached XP level 7. HP: 61/61 MP: 6/6
  2628 | D:5      | Entered Level 5 of the Dungeon
  2704 | D:5      | Reached skill level 5 in Axes
  2731 | D:5      | Found a hide-covered altar of Uskayaw.
  2780 | D:5      | Reached XP level 8. HP: 70/70 MP: 7/7
  2793 | D:5      | Found a staircase to the Ecumenical Temple.
  2812 | Temple   | Entered the Ecumenical Temple
  2866 | Temple   | Became a worshipper of Warmaster Okawaru
  3411 | D:6      | Found Impoh's Antique Weapon Shop.
  3504 | D:6      | Found a glowing silver altar of Zin.
  3693 | D:6      | Found Rinypeh's Antique Armour Shoppe.
  3766 | D:6      | Bought a runed chain mail for 187 gold pieces
  3947 | D:6      | Found Voet's Jewellery Shoppe.
  4067 | D:6      | Found Guwuery's Book Boutique.
  4363 | D:7      | Reached skill level 5 in Dodging
  4372 | D:7      | Reached * piety under Okawaru
  4389 | D:7      | Reached XP level 9. HP: 79/79 MP: 8/8
  4597 | D:7      | Reached ** piety under Okawaru
  4788 | D:7      | Found a blossoming altar of Fedhas.
  4826 | D:7      | Identified the +1 war axe "Ciorphain" {heavy, rN+++ Int-3}
  5021 | D:8      | Noticed a two-headed ogre
  5028 | D:8      | Killed a two-headed ogre
  5028 | D:8      | Reached *** piety under Okawaru
  5142 | D:8      | Found a staircase to the Lair.
  5142 | D:8      | Noticed an elephant
  5167 | D:8      | Noticed Psyche
  5228 | D:8      | Killed an elephant
  5228 | D:8      | Reached **** piety under Okawaru
  5229 | D:8      | Reached XP level 10. HP: 47/90 MP: 9/9
  5274 | D:8      | Killed Psyche
  5460 | D:8      | Noticed Gastronok
  5475 | D:8      | Killed Gastronok
  5475 | D:8      | Received a gift from Okawaru
  5475 | D:8      | Reached ***** piety under Okawaru
  5625 | D:8      | Noticed a moth of wrath
  5629 | D:8      | Found a bloodstained altar of Trog.
  5896 | D:9      | Noticed a two-headed ogre
  5901 | D:9      | Killed a two-headed ogre
  5901 | D:9      | Received a gift from Okawaru
  5921 | D:9      | Noticed Erolcha
  5930 | D:9      | Killed Erolcha
  5931 | D:9      | Reached XP level 11. HP: 37/99 MP: 10/10
  5936 | D:9      | Reached skill level 10 in Shields
  6084 | D:9      | Reached skill level 10 in Fighting
  6084 | D:9      | Reached skill level 10 in Armour
  6439 | D:9      | Found Tigyefoi's Antique Weapon Boutique.
  6561 | D:9      | Found Gisabilod's Goods Gallery.
  6664 | D:10     | Entered Level 10 of the Dungeon
  7060 | D:10     | Noticed Lodul
  7075 | D:10     | Killed Lodul
  7076 | D:10     | Reached skill level 10 in Axes
  7513 | D:11     | Noticed Grum
  7521 | D:11     | Killed Grum
  7521 | D:11     | Identified the +3 broad axe of the Badger {freeze, Int+2}
                  | (Okawaru gifted it to you on level 11 of the Dungeon)
  7521 | D:11     | Received a gift from Okawaru
  7614 | D:11     | Found a staircase to the Orcish Mines.
  8059 | D:12     | Noticed a two-headed ogre
  8068 | D:12     | Killed a two-headed ogre
  8077 | D:12     | Found a blossoming altar of Fedhas.
  8225 | D:12     | Noticed a red ugly thing
  8235 | D:12     | Killed a red ugly thing
  8268 | D:12     | Found a frozen archway.
  8277 | IceCv    | Entered an ice cave
  8296 | IceCv    | Reached XP level 12. HP: 73/110 MP: 11/11
  8360 | IceCv    | Engulfed by a cloud of freezing vapour

Illustrated notes

Levels and vault maps discovered:
D:1:      sevenhm_arrival_forest_fort_small_6, layout_basic, chequers_garden,
          supply_closet_lemuel, minmay_cut_off
D:2:      layout_basic, uniq_sigmund, uniq_robin
D:3:      layout_rooms, hellmonk_ecumenical_altar_blasted,
          minmay_misc_feat_room, uniq_natasha
D:4:      layout_loops_corners, nicolae_dithmenos_the_darkroom, kennysheep_mini,
          grunt_qazlal_sundering
D:5:      layout_basic, mainiacjoe_overflow_brackets,
          minmay_temple_entry_arrows, grunt_decor_clamped
D:6:      layout_loops_corners, mainiacjoe_overflow_six_doors_small,
          serial_shops, nicolae_shop_tiny_statue_garden, nicolae_lakefront_shop,
          nicolae_shop_peninsula, shop, kennysheep_generic_room_3
D:7:      layout_cave_pools, marbit_many_paths, corexii_item_surrounded_by_moat
D:8:      layout_loops_ring, tgw_trog, david_lair_generic, the_hattery,
          uniq_psyche, uniq_gastronok
D:9:      cheibrodos_frozen_isle, layout_basic, serial_shops, shop,
          nicolae_alphabet_shops, uniq_erolcha
D:10:     layout_gridville, kennysheep_generic_room_5, uniq_lodul
D:11:     layout_basic, david_orc_4, hangedman_stone_soup, uniq_grum
D:12:     layout_stronghold, portal_ice_cave_entry_pillars_1, fedhas_altar_3
Temple:   nicolae_temple_superstar
IceCv:    ice_cave_caverns_03

Skill      XL: |  1  2  3  4  5  6  7  8  9 10 11 |
---------------+----------------------------------+-----
Dodging        | 1 2 3 4 5 7 8 9 |  9.7
Fighting       | 4 5 6 7 8 9 11 | 11.2
Armour         | 4 5 6 7 8 9 11 | 11.3
Shields        | 4 5 6 7 8 9 11 | 11.3
Axes           | 3 4 5 6 8 9 10 | 10.9

Action                     |  1- 3 |  4- 6 |  7- 9 | 10-12 || total
---------------------------+-------+-------+-------+-------++-------
  Melee: War axe           |    39 |    48 |       |       ||    87
         Headbutt          |     3 |     7 |    27 |    61 ||    98
         Battleaxe         |       |    55 |   134 |   266 ||   455
         Unarmed           |       |       |     6 |       ||     6
  Evoke: Wand              |       |       |       |     3 ||     3
    Use: Scroll            |     2 |     9 |    12 |     4 ||    27
         Potion            |       |       |     1 |       ||     1
 Armour: Scale mail        |     6 |    33 |    55 |    64 ||   158
  Dodge: Dodged            |    21 |    83 |   123 |   250 ||   477
  Block: Buckler           |    11 |    18 |       |       ||    29

Table legend: (Time is in decaauts)
 A = Elapsed time spent in this place.
 B = Non-inter-level travel time spent in this place.
 C = Inter-level travel time spent in this place.
 D = Time resting spent in this place.
 E = Time spent auto-exploring this place.
 F = Levels seen in this place.
 G = Mean time per level.
                   A        B        C        D        E       F      G
               +--------+--------+--------+--------+--------+-----+--------+
         Total |   8420 |   8102 |    318 |      0 |   6458 |  14 |  601.4 |
       Dungeon |   8257 |   7964 |    293 |      0 |   6380 |  12 |  688.1 |
        Temple |     79 |     54 |     25 |      0 |     28 |   1 |   79.0 |
      Ice Cave |     82 |     82 |      0 |      0 |     50 |   1 |   82.0 |
               +--------+--------+--------+--------+--------+-----+--------+

Top non-repeatable levels by time:
     D:6: 1027 daAuts
     D:8: 936 daAuts
     D:4: 827 daAuts
     D:1: 810 daAuts
     D:9: 767 daAuts
    D:11: 735 daAuts
     D:7: 624 daAuts
     D:5: 622 daAuts
     D:2: 552 daAuts
    D:10: 494 daAuts
     D:3: 467 daAuts
    D:12: 389 daAuts
   IceCv: 82 daAuts
  Temple: 79 daAuts
